Map: Hard Lead LE

Players

SYNDROMEX

  • Race: Zerg Zerg
  • League: Diamond
  • Spawn Location: 5:00

SubN - Winner!

  • Race: Zerg Zerg
  • League: Diamond
  • Spawn Location: 11:00

VOD

Have the link to the VOD?

Description

Time

  • Played on: Nov. 18, 2023, 7:03 p.m.
  • Length: 5:53
Show
View Real Time Build Order
Export as new Build Order

SYNDROMEX Zerg 

Build Orders: Hatch First 

Get SALT Encoding   

  12  0:00  Drone  
  13  0:12  Overlord  
  13  0:22  Drone  
  13  0:26  Drone, Extractor  
  15  0:31  Drone  
  15  0:35  Drone  
  17  0:52  Hatchery  
  17  0:55  Drone  
  17  1:09  Spawning Pool  
  16  1:12  Drone  
  16  1:16  Extractor  
  16  1:18  Drone  
  17  1:21  Drone  
  18  1:30  Drone  
  19  1:40  Drone  
  20  1:50  Drone  
  21  2:03  Overlord, Queen  
  21  2:08  Zergling x2  
  24  2:10  Queen  
  24  2:12  Zergling x2  
  27  2:16  Drone  
  28  2:27  Zergling x2  
  28  2:28  Overlord  
  28  2:29  Metabolic Boost  
  29  2:39  Drone x2  
  31  2:45  Drone  
  33  2:58  Zergling x4  
  33  2:59  Zergling x2  
  32  3:21  Zergling x6  
  32  3:26  Zergling x4, Queen  
  36  3:29  Drone, Zergling x2  
  36  3:33  Baneling Nest  
  37  3:42  Drone  
  37  3:43  Drone x2  
  31  4:13  Zergling x4  
  31  4:14  Zergling x2  
  32  4:30  Zergling x2  
  26  4:39  Baneling  
  26  4:40  Baneling x4  
  21  4:53  Zergling x2  
  21  4:54  Zergling x4  
  24  5:03  Queen  
  23  5:17  Baneling  
  24  5:21  Drone  
  21  5:34  Drone x2  
Show
View Real Time Build Order
Export as new Build Order

SubN Zerg - Winner!

Build Orders: Pool First 

Get SALT Encoding   

  12  0:00  Drone  
  13  0:08  Drone  
  14  0:20  Extractor  
  13  0:30  Spawning Pool  
  12  0:55  Hatchery  
  11  1:17  Queen  
  13  1:28  Overlord  
  13  1:35  Metabolic Boost  
  13  1:40  Zergling x2  
  14  1:47  Zergling x2  
  14  1:49  Zergling x2  
  14  1:53  Zergling x2  
  17  2:02  Zergling x2  
  18  2:12  Queen  
  20  2:26  Zergling x6  
  23  2:42  Zergling x4  
  23  2:43  Zergling x2  
  26  2:46  Zergling x2  
  26  2:49  Zergling x2  
  25  3:33  Zergling x2  
  26  3:34  Zergling x4  
  26  3:44  Zergling x6  
  25  3:58  Zergling x6  
  26  4:15  Zergling x6  
  26  4:29  Zergling x2  
  26  4:30  Zergling x6  
  25  4:45  Zergling x6  
  24  5:11  Zergling x6  
  24  5:12  Zergling x2  
  26  5:35  Zergling x8  
Tags
 
Add a new tag
Caveats
  • Supply blocks, unpowered buildings, or Contaminate may cause inaccurate times.
  • Supply counts are checked every 10 seconds.